Map: Abiogenesis LE

Players

Infamous - Winner!

  • Race: Protoss Protoss
  • League: Gold
  • Spawn Location: 11:00

filster

  • Race: Terran Terran
  • League: Silver
  • Spawn Location: 5:00

VOD

Have the link to the VOD?

Description

Time

  • Played on: April 13, 2018, 8:26 a.m.
  • Length: 14:04
Show
View Real Time Build Order
Export as new Build Order

Infamous Protoss - Winner!

Build Orders: 1 Gate Expand 

Get SALT Encoding   

  12  0:01  Probe  
  13  0:13  Probe (Chrono Boost)  
  14  0:22  Pylon  
  14  0:26  Probe (Chrono Boost)  
  15  0:40  Gateway  
  15  0:43  Probe  
  16  0:55  Probe  
  17  0:57  Assimilator  
  17  1:08  Probe (Chrono Boost)  
  19  1:20  Probe (Chrono Boost)  
  19  1:29  Nexus  
  19  1:32  Zealot  
  21  1:47  Cybernetics Core  
  21  1:49  Probe  
  22  2:01  Pylon  
  21  2:18  Warp Gate (Chrono Boost)  
  21  2:19  Assimilator  
  21  2:22  Pylon  
  21  2:29  Gateway  
  21  2:36  Gateway  
  21  2:43  Probe (Chrono Boost)  
  23  2:46  Probe (Chrono Boost)  
  23  2:55  Probe (Chrono Boost)  
  24  3:04  Probe  
  24  3:05  Probe  
  25  3:10  Robotics Facility  
  26  3:17  Stalker  
  28  3:33  Probe x2  
  28  3:34  Forge  
  30  3:37  Sentry  
  32  3:51  Shield Battery  
  32  3:53  Shield Battery  
  32  3:55  Probe (Chrono Boost)  
  34  3:57  Probe (Chrono Boost), Observer (Chrono Boost)  
  35  4:07  Probe (Chrono Boost)  
  37  4:11  Probe (Chrono Boost)  
  37  4:12  Probe (Chrono Boost)  
  38  4:19  Probe  
  38  4:21  Probe  
  40  4:26  Assimilator  
  40  4:31  Probe  
  41  4:32  Stalker  
  41  4:33  Probe, Zealot x2  
  48  4:43  Probe (Chrono Boost)  
  48  4:45  Pylon, Photon Cannon  
  50  4:48  Probe (Chrono Boost)  
  50  4:55  Probe (Chrono Boost)  
  50  4:57  Stalker  
  54  5:01  Probe (Chrono Boost)  
  54  5:03  Pylon  
  54  5:06  Zealot x2  
  58  5:15  Probe (Chrono Boost)  
  58  5:17  Assimilator  
  58  5:19  Probe (Chrono Boost)  
  60  5:21  Immortal  
  60  5:26  Probe (Chrono Boost)  
  66  5:30  Probe (Chrono Boost)  
  66  5:38  Stalker x2  
  70  5:47  Pylon  
  68  6:10  Stalker x3  
  74  6:19  Probe (Chrono Boost)  
  74  6:22  Probe (Chrono Boost)  
  76  6:27  Gateway  
  76  6:29  Gateway  
  76  6:31  Probe (Chrono Boost)  
  76  6:32  Gateway  
  77  6:35  Protoss Ground Weapons Level 1  
  77  6:37  Probe (Chrono Boost)  
  77  6:38  Twilight Council  
  78  6:42  Probe  
  77  6:50  Immortal (Chrono Boost)  
  77  7:23  Probe  
  78  7:44  Probe  
  78  7:48  Probe  
  77  8:01  Probe, Stargate  
  78  8:14  Photon Cannon  
  78  8:19  Pylon  
  78  8:21  Pylon  
  78  8:23  Blink (Chrono Boost)  
  78  8:25  Robotics Bay  
  78  8:37  Probe (Chrono Boost), Immortal (Chrono Boost)  
  78  8:40  Probe (Chrono Boost)  
  84  8:45  Stalker x4, Nexus  
  84  8:46  Stalker  
  84  8:48  Pylon  
  94  8:49  Pylon  
  94  8:52  Pylon  
  94  8:56  Void Ray  
  94  9:06  Probe x2, Protoss Ground Armor Level 1  
  100  9:16  Sentry x4  
  108  9:17  Sentry x2  
  108  9:18  Forge  
  112  9:27  Templar Archives  
  112  9:37  Photon Cannon  
  112  9:38  Photon Cannon  
  112  9:40  Photon Cannon  
  112  9:41  Assimilator  
  112  9:45  Assimilator  
  112  10:00  Colossus  
  112  10:02  Void Ray  
  108  10:31  Stalker  
  108  10:32  Stalker x3  
  108  10:33  Stalker x2  
  98  11:03  Probe  
  99  11:15  Probe x2  
  99  11:16  Probe  
  102  11:27  Probe x2  
  102  11:28  Probe  
  105  11:36  Stalker x2  
  105  11:37  Stalker  
  105  11:38  Stalker x2  
  105  11:39  Probe  
  116  11:45  Void Ray  
  116  11:46  Colossus (Chrono Boost)  
  120  11:53  Extended Thermal Lance (Chrono Boost)  
  126  12:04  High Templar x3  
  126  12:16  Probe  
  126  12:17  Probe x2  
  129  12:28  Stalker x3  
  129  12:29  Probe x3  
  129  12:41  Probe  
  93  12:58  Stalker x3  
  86  12:59  Stalker x3  
  91  13:09  Void Ray  
  84  13:25  High Templar x3  
  83  13:29  Probe x3  
  85  13:34  Archon  
  85  13:37  High Templar  
Show
View Real Time Build Order
Export as new Build Order

filster Terran 

Build Orders:  

Get SALT Encoding   

  12  0:02  SCV  
  13  0:14  SCV  
  13  0:19  Supply Depot  
  14  0:26  SCV  
  15  0:30  Refinery  
  15  0:42  Barracks  
  15  0:46  SCV  
  16  0:58  SCV  
  16  1:01  Supply Depot  
  17  1:10  SCV  
  18  1:14  Refinery  
  18  1:36  Marine  
  18  1:38  Orbital Command  
  19  1:59  Barracks Reactor  
  19  2:15  Command Center  
  19  2:21  SCV  
  20  2:37  Marine, Factory  
  20  2:39  Marine  
  20  2:42  SCV  
  23  2:54  SCV  
  23  2:55  Marine  
  23  2:57  Marine  
  26  3:06  SCV  
  27  3:18  SCV  
  28  3:23  Starport, Barracks Tech Lab  
  28  3:27  Cyclone  
  28  3:32  SCV  
  32  3:34  SCV  
  32  3:39  Hellion  
  35  3:43  Marine  
  36  3:51  Engineering Bay  
  36  3:53  SCV  
  37  4:09  Barracks Reactor  
  37  4:12  Supply Depot  
  37  4:13  Siege Tank  
  37  4:15  Orbital Command  
  40  4:20  Medivac  
  42  4:30  Missile Turret  
  43  4:31  SCV  
  43  4:35  Medivac  
  45  4:43  SCV x2  
  47  4:51  Barracks  
  47  4:55  SCV  
  48  5:07  SCV x2  
  48  5:09  Siege Tank  
  48  5:11  Marine  
  54  5:19  Refinery  
  54  5:24  Supply Depot  
  54  5:27  Missile Turret  
  54  5:40  Barracks Tech Lab  
  54  5:41  Missile Turret  
  54  5:44  Missile Turret  
  54  5:45  Marine, Medivac  
  54  5:46  SCV  
  49  6:07  Siege Tank  
  46  6:11  Supply Depot  
  46  6:22  Refinery  
  46  6:23  Supply Depot  
  46  6:24  SCV  
  47  6:28  Starport  
  47  6:29  Combat Shields  
  47  6:34  Supply Depot  
  47  6:35  Armory  
  47  6:38  Marauder  
  47  6:39  Siege Tank  
  52  6:48  Factory  
  41  7:05  Orbital Command  
  41  7:11  Siege Tank  
  43  7:18  Marine x3  
  46  7:34  Factory Reactor  
  46  7:35  Marine  
  46  7:36  Marine x2  
  49  7:43  Siege Tank  
  52  7:53  Marine  
  52  7:54  Marine, Supply Depot  
  52  7:56  Starport Tech Lab  
  54  8:16  Marine x3  
  59  8:24  Hellbat  
  59  8:26  Supply Depot  
  61  8:31  Supply Depot  
  61  8:34  Marine  
  62  8:36  Supply Depot  
  62  8:42  Marine x2  
  62  8:47  Medivac x2, Raven  
  62  8:48  Supply Depot, Hellbat  
  70  8:49  Supply Depot  
  70  8:50  Supply Depot  
  70  8:52  Marine, Infernal Pre-Igniter  
  71  8:57  Supply Depot  
  71  9:01  Supply Depot  
  71  9:06  Missile Turret  
  71  9:10  Marine  
  71  9:14  Factory  
  72  9:30  Missile Turret, Orbital Command  
  72  9:31  Marauder  
  74  9:34  Hellbat  
  74  9:35  Terran Vehicle Weapons Level 1  
  69  10:42  Marine x3  
  70  10:44  Medivac  
  70  10:45  Medivac  
  64  11:00  Marine x3  
  63  11:18  Marine x3  
  60  11:20  Missile Turret  
  60  11:21  Siege Tank  
  65  11:29  Hellbat  
  67  11:35  Marine  
  67  11:36  Marine x2  
  70  11:48  Factory Tech Lab  
  70  11:54  Marine, Siege Tank  
  71  12:26  Siege Tank  
  71  12:29  Marine x3  
  74  12:47  Marine x3  
  49  13:04  Marine  
  49  13:05  Marine x2  
  37  13:11  Missile Turret  
  37  13:12  Hellbat x2  
  33  13:22  Marine  
Tags
 
Add a new tag
Caveats
  • Supply blocks, unpowered buildings, or Contaminate may cause inaccurate times.
  • Supply counts are checked every 10 seconds.